[ AOE2 MATCH · #475558043 ]
1v1 EWSlavs vs Magyars
Player's team · LOSS
Rival team · WIN
[ REPLAY ANALYSIS · EXTRACTED FROM THE RECORDED GAME ]
Feudal
13:18
Castle
—
Imperial
—
| APM avg | 30.5 |
| APM peak | 39 |
| eAPM avg | 16.0 |
| Villagers / military | 23 / 9 |
Focus
⚔️ 33.6% · 🌾 66.4%
Spearman ×5 · Militia ×4
Feudal
10:58
Castle
—
Imperial
—
| APM avg | 46.8 |
| APM peak | 77 |
| eAPM avg | 14.7 |
| Villagers / military | 20 / 29 |
Focus
⚔️ 41.8% · 🌾 58.2%
Cavalry Archer ×13 · Scout Cavalry ×12 · Archer ×4
Match map
Resources at game start + every placement click. Thick line = wall · dashed box = detected house wall. 🟡 gold · ⚪ stone · 🟢 berries · 🔶 boar · ⭕ relic
Inputs per minute
— jhonpon - - 6Bu6
Build order — jhonpon
75 actions detected in the replay
| 0:02 | Create | Villager (Male) |
| 0:09 | Build | Mill |
| 0:20 | Create | Militia |
| 0:20 | Create | Militia |
| 0:36 | Research | Horse Collar |
| 0:41 | Build | Farm |
| 0:47 | Create | Villager (Male) |
| 1:02 | Build | Farm |
| 1:08 | Build | Palisade Wall |
| 1:11 | Research | Double-Bit Axe |
| 1:18 | Build | Farm |
| 1:23 | Create | Villager (Male) |
| 1:29 | Build | House |
| 1:42 | Create | Villager (Male) |
| 1:45 | Build | Farm |
| 1:46 | Create | Villager (Male) |
| 1:52 | Research | Man-at-Arms (upgrade) |
| 2:04 | Build | Farm |
| 2:10 | Build | Palisade Wall |
| 2:23 | Build | House |
| 2:24 | Build | House |
| 2:30 | Build | Farm |
| 2:31 | Create | Villager (Male) |
| 2:42 | Create | Villager (Male) |
| 2:45 | Create | Spearman |
| 2:53 | Create | Villager (Male) |
| 2:58 | Create | Villager (Male) |
| 3:08 | Create | Villager (Male) |
| 3:17 | Build | Palisade Wall |
| 3:21 | Build | Building 804 |
| 3:52 | Create | Villager (Male) |
| 3:55 | Create | Militia |
| 3:55 | Create | Militia |
| 4:23 | Create | Spearman |
| 4:26 | Create | Spearman |
| 4:52 | Create | Spearman |
| 5:02 | Build | Farm |
| 5:09 | Build | Palisade Wall |
| 5:09 | Create | Villager (Male) |
| 5:15 | Create | Villager (Male) |
| 5:34 | Create | Villager (Male) |
| 5:41 | Build | House |
| 5:45 | Build | Palisade Wall |
| 6:14 | Build | House |
| 6:15 | Build | Palisade Wall |
| 6:15 | Create | Villager (Male) |
| 6:21 | Create | Villager (Male) |
| 6:36 | Create | Villager (Male) |
| 6:57 | Build | Watch Tower |
| 7:07 | Create | Villager (Male) |
| 7:33 | Build | Lumber Camp |
| 7:39 | Create | Villager (Male) |
| 7:42 | Research | Wheelbarrow |
| 7:54 | Build | Mill |
| 7:55 | Create | Villager (Male) |
| 8:10 | Create | Villager (Male) |
| 8:17 | Build | Stable |
| 8:19 | Create | Villager (Male) |
| 8:43 | Build | Market |
| 8:52 | Build | Farm |
| 8:55 | Build | Farm |
| 9:00 | Create | Spearman |
| 9:17 | Build | Palisade Wall |
| 9:42 | Create | Villager (Male) |
| 10:02 | Build | Farm |
| 10:07 | Build | Farm |
| 10:11 | Build | Mining Camp |
| 10:25 | Build | Farm |
| 10:38 | Research | Castle Age |
| 12:00 | Build | Farm |
| 12:49 | Build | House |
| 12:50 | Build | Palisade Wall |
| 12:53 | Build | House |
| 12:56 | Build | Palisade Wall |
| 13:18 | Age | Feudal Age |
Build order — 6Bu6
80 actions detected in the replay
| 0:02 | Create | Villager (Male) |
| 0:02 | Create | Villager (Male) |
| 0:11 | Build | Stable |
| 0:30 | Build | House |
| 0:32 | Build | House |
| 0:38 | Create | Villager (Male) |
| 0:39 | Create | Villager (Male) |
| 0:40 | Create | Villager (Male) |
| 0:52 | Create | Scout Cavalry |
| 1:20 | Build | Archery Range |
| 1:28 | Create | Scout Cavalry |
| 2:00 | Build | Farm |
| 2:03 | Build | Farm |
| 2:04 | Create | Villager (Male) |
| 2:05 | Create | Villager (Male) |
| 2:16 | Build | Farm |
| 2:21 | Build | Farm |
| 2:23 | Create | Archer |
| 2:24 | Create | Archer |
| 3:07 | Create | Villager (Male) |
| 3:07 | Create | Villager (Male) |
| 3:13 | Create | Scout Cavalry |
| 3:47 | Build | Mining Camp |
| 3:57 | Create | Villager (Male) |
| 4:12 | Create | Scout Cavalry |
| 4:18 | Build | Stable |
| 5:01 | Create | Scout Cavalry |
| 5:04 | Create | Scout Cavalry |
| 5:07 | Create | Villager (Male) |
| 5:07 | Create | Villager (Male) |
| 5:07 | Create | Villager (Male) |
| 5:10 | Build | House |
| 5:12 | Build | House |
| 5:14 | Build | House |
| 5:16 | Build | House |
| 6:12 | Create | Villager (Male) |
| 6:12 | Create | Villager (Male) |
| 6:19 | Create | Archer |
| 6:20 | Create | Archer |
| 8:16 | Build | Market |
| 8:18 | Research | Castle Age |
| 8:19 | Research | Castle Age |
| 8:22 | Build | Farm |
| 8:23 | Build | Farm |
| 8:24 | Build | Farm |
| 9:15 | Create | Scout Cavalry |
| 9:15 | Create | Scout Cavalry |
| 9:19 | Create | Scout Cavalry |
| 9:20 | Create | Scout Cavalry |
| 9:20 | Create | Scout Cavalry |
| 9:25 | Build | Archery Range |
| 9:35 | Research | Double-Bit Axe |
| 10:09 | Research | Bloodlines |
| 10:23 | Build | Archery Range |
| 10:30 | Research | Gold Mining |
| 10:31 | Research | Gold Mining |
| 10:34 | Build | Mining Camp |
| 10:39 | Create | Scout Cavalry |
| 10:58 | Age | Feudal Age |
| 11:03 | Create | Cavalry Archer |
| 11:03 | Create | Cavalry Archer |
| 11:05 | Create | Cavalry Archer |
| 11:05 | Create | Cavalry Archer |
| 11:06 | Create | Cavalry Archer |
| 11:13 | Research | Fletching |
| 11:38 | Research | Light Cavalry (upgrade) |
| 11:47 | Create | Villager (Male) |
| 11:47 | Create | Villager (Male) |
| 12:19 | Build | Town Center |
| 12:34 | Create | Villager (Male) |
| 12:34 | Create | Villager (Male) |
| 12:37 | Create | Cavalry Archer |
| 12:37 | Create | Cavalry Archer |
| 12:37 | Create | Cavalry Archer |
| 12:37 | Create | Cavalry Archer |
| 13:10 | Create | Villager (Male) |
| 13:13 | Create | Cavalry Archer |
| 13:13 | Create | Cavalry Archer |
| 13:13 | Create | Cavalry Archer |
| 13:13 | Create | Cavalry Archer |
Match timeline
| 0:11 | 6Bu6 · first_building Stable |
| 1:08 | jhonpon · wall_segment Palisade Wall x3 |
| 1:20 | 6Bu6 · first_building Archery Range |
| 2:10 | jhonpon · wall_segment Palisade Wall x7 |
| 3:17 | jhonpon · wall_segment Palisade Wall x9 |
| 5:09 | jhonpon · wall_segment Palisade Wall x3 |
| 5:45 | jhonpon · wall_segment Palisade Wall x5 |
| 6:15 | jhonpon · wall_segment Palisade Wall x7 |
| 8:17 | jhonpon · first_building Stable |
| 9:17 | jhonpon · wall_segment Palisade Wall x3 |
| 9:18 | 6Bu6 · first_market_buy 100 food |
| 10:58 | 6Bu6 · age_up feudal |
| 12:50 | jhonpon · wall_segment Palisade Wall x1 |
| 12:56 | jhonpon · wall_segment Palisade Wall x1 |
| 13:18 | jhonpon · age_up feudal |
| 13:33 | jhonpon · resign |
[ AI ANALYSIS · 1 CREDIT ]
What really happened in this match?
Wolo.gg analyzes every decision: build order, eco, micro, common mistakes by bracket. Personalized analysis on WhatsApp or Discord in 30 seconds.
Civ guide
Slavs
Map guide
Vulpine
Perfil
jhonpon